 Dungeon Crawl Stone Soup version 0.27-a0-931-g5a74e75d8f (webtiles) character file.

Game seed: 4976472044100173907

18085 polve the Fencer (level 12, -5/110 HPs)
             Began as a Minotaur Berserker on Apr 10, 2021.
             Was a High Priest of Trog.
             Slain by a cyclops (21 damage)
             ... on level 12 of the Dungeon.
             The game lasted 00:11:42 (11601 turns).

polve the Fencer (Minotaur Berserker)              Turns: 11601, Time: 00:11:43

Health: -5/110     AC: 23    Str: 24    XL:     12   Next: 24%
Magic:  11/11      EV: 12    Int:  4    God:    Trog [*****.]
Gold:   898        SH:  0    Dex: 19    Spells: 11/11 levels left

rFire    . . .     SeeInvis .   M - +2 triple sword
rCold    . . .     Faith    .   (shield currently unavailable)
rNeg     . . .     Spirit   .   b - +4 chain mail {rPois}
rPois    +         Reflect  .   (helmet restricted)
rElec    .         Harm     .   f - scarf {shadows}
rCorr    .         Rampage  .   P - +1 pair of gloves
Will     .....                  y - +1 pair of boots
Stlth    ..........             (no amulet)
HPRegen  0.28/turn              e - +4 ring of protection
MPRegen  0.12/turn              o - +6 ring of dexterity

@: on berserk cooldown, attractive, flying, slowed, studying Short Blades, very
slow
A: horns 2, retaliatory headbutt
a: Renounce Religion, Berserk, Trog's Hand, Brothers in Arms


You were on level 12 of the Dungeon.
You worshipped Trog.
Trog was extremely pleased with you.
You visited 1 branch of the dungeon, and saw 12 of its levels.
You also visited: Bailey.

You collected 898 gold pieces.

Inventory:

Hand Weapons
 K - a +0 scimitar of draining
 M - a +2 triple sword (weapon)
Missiles
 i - 6 curare-tipped darts
 I - 2 throwing nets
Armour
 b - a +4 chain mail of poison resistance (worn)
 f - a scarf of shadows (worn)
 y - a +1 pair of boots (worn)
 N - a +1 chain mail of fire resistance
 P - a +1 pair of gloves (worn)
Jewellery
 e - a +4 ring of protection (left hand)
 o - a +6 ring of dexterity (right hand)
 E - a ring of protection from fire
 G - a ring of poison resistance
 J - a ring of willpower
Wands
 a - a wand of paralysis (9)
 p - a wand of acid (7)
 z - a wand of iceblast (6)
 A - a wand of flame (45)
 L - a wand of random effects (15)
 O - a wand of mindburst (15)
Scrolls
 c - 7 scrolls of teleportation {unknown}
 d - 4 scrolls of enchant armour {unknown}
 h - 2 scrolls of magic mapping {unknown}
 l - a scroll of brand weapon {unknown}
 n - 8 scrolls of identify {unknown}
 q - 4 scrolls of enchant weapon {unknown}
 t - 2 scrolls of fog {unknown}
 u - 3 scrolls of acquirement {unknown}
 w - a scroll of holy word {unknown}
 D - a scroll of amnesia {unknown}
Potions
 g - 2 potions of attraction
 j - 2 potions of curing
 k - 4 potions of flight
 m - 3 potions of resistance {unknown}
 r - a potion of cancellation {unknown}
 s - 4 potions of degeneration {unknown}
 v - a potion of berserk rage {unknown}
 x - 3 potions of haste {unknown}
 B - 2 potions of heal wounds {unknown}
 C - 3 potions of brilliance {unknown}
 F - 4 potions of ambrosia {unknown}
 H - a potion of might {unknown}


   Skills:
 - Level 11.0 Fighting
 + Level 18.4 Long Blades
 - Level 7.2 Armour
 - Level 6.5 Dodging


You had 11 spell levels left.
You didn't know any spells.
Your spell library was empty.

Dungeon Overview and Level Annotations

Branches:
Dungeon (12/15)            Temple (0/1) D:6            Lair (0/6) D:8
    Orc (0/2) D:10         Bailey (visited)

Altars:
Qazlal
Yredelemnul

Shops:
D:2 :


Innate Abilities, Weirdness & Mutations

You have a pair of horns on your head.
You reflexively headbutt those who attack you in melee.


Message History

The cyclops is heavily wounded.
The boulder beetle barely misses you. You furiously retaliate!
You headbutt the boulder beetle, but do no damage.
You riposte.
You hit the boulder beetle but do no damage.
You headbutt the boulder beetle, but do no damage.
The boulder beetle is lightly wounded.
The cyclops hits you.
* * * LOW HITPOINT WARNING * * *
The boulder beetle barely misses you. You furiously retaliate!
You headbutt the boulder beetle, but do no damage.
You hit the cyclops but do no damage. You headbutt the cyclops.
The cyclops is heavily wounded.
You carefully extract the barbed spikes from your body.
The cyclops hits you but does no damage.
The boulder beetle bites you but does no damage.
It was a potion of flight.
You feel very buoyant.
You fly up into the air.
The boulder beetle bites you but does no damage.
The cyclops hits you.
* * * LOW HITPOINT WARNING * * *
The boulder beetle completely misses you.
You furiously retaliate!
You headbutt the boulder beetle, but do no damage.
You riposte.
You slice the boulder beetle!!
You headbutt the boulder beetle, but do no damage.
The boulder beetle is moderately wounded.
It was a potion of curing.
You feel better.
The sentinel's mark upon you fades away.
The cyclops hits you!
* * * LOW HITPOINT WARNING * * *
The boulder beetle barely misses you.
It was a potion of attraction.
You feel attractive to monsters.
The boulder beetle bites you but does no damage.
The boulder beetle leaps!
The cyclops closely misses you.
The boulder beetle bites you but does no damage.
You feel better. The cyclops hits you!!
You die...

#. #.##.. #.. #.##.# ...
#.##.# ' #.# #.##.# ..
#.# #..... ... #.##
####.# .... #..## #.#
.....####...##########..
.....°B@CH.(...<........
....?####W..#######.....
.... #.†## #..... ...
#C## #..... .. #.#
#..... + #.....# #.....
###...# #..... #.##
#..... .# #####.


You could see a boulder beetle, a manticore, a cyclops and a wraith.

Vanquished Creatures
  An orc warlord (Bailey)
  A boulder beetle (D:11)
  A centaur warrior (D:12)
  A two-headed ogre (D:12)
  The ghost of polve the Conjurer, a novice DsAK of Lugonu (D:8)
  The ghost of sastreii the Magician, a novice DjTm of Fedhas (D:7)
  An orc knight (Bailey)
  2 manticores (D:12)
  Maurice (D:8)
  Maggie (D:9)
  5 trolls
  2 hornets
  2 meliai zombies (D:11)
  A wyvern (D:9)
  A shadow (D:10)
  A wraith (D:10)
  5 yaks
  A vampire (D:11)
  A steam dragon (D:7)
  Edmund (D:5)
  An acid dragon (D:7)
  3 water moccasins
  12 orc warriors
  A sky beast (D:5)
  3 black bears
  A necrophage (D:5)
  6 ogres
  8 centaurs
  A phantom (D:6)
  5 kobold brigands (D:10)
  Blork the orc (D:4)
  5 bullfrogs
  2 gnoll sergeants (D:10)
  2 scorpions
  2 water moccasin skeletons
  8 wights
  6 killer bees
  4 howler monkeys
  9 centaur zombies
  An orc priest (D:7)
  3 hounds
  A jelly (D:8)
  A bullfrog skeleton (D:6)
  A gnoll shaman (D:6)
  An iguana (D:5)
  2 orc wizards
  A killer bee zombie (D:7)
  2 howler monkey zombies
  27 gnolls
  12 adders
  A shadow imp (D:7)
  A white imp (D:6)
  3 ufetubi
  A worm (D:4)
  5 dart slugs
  30 orcs
  9 ball pythons
  5 bats (D:1)
  5 endoplasms
  4 giant cockroaches
  21 goblins
  25 hobgoblins
  9 jackals
  13 kobolds
  A quokka (D:4)
  3 frilled lizards
  3 rats
302 creatures vanquished.

Vanquished Creatures (collateral kills)
  An orc knight (Bailey)
  An orc (Bailey)
2 creatures vanquished.

Vanquished Creatures (others)
  16 fungi (D:8)
  20 plants (D:8)
36 creatures vanquished.

Grand Total: 340 creatures vanquished

Notes
Turn   | Place    | Note
-------+----------+-------------------------------------------
     0 | D:1      | polve the Minotaur Berserker began the quest for the Orb.
     0 | D:1      | Reached XP level 1. HP: 19/19 MP: 0/0
   318 | D:1      | Reached skill level 4 in Long Blades
   349 | D:1      | Reached XP level 2. HP: 27/27 MP: 1/1
   585 | D:1      | Reached XP level 3. HP: 32/33 MP: 2/2
   820 | D:1      | Reached ** piety under Trog
  1419 | D:2      | Reached skill level 5 in Long Blades
  1637 | D:2      | Found Guzuecoc's Book Emporium.
  1683 | D:2      | Reached XP level 4. HP: 41/41 MP: 3/3
  2266 | D:2      | Found a faded altar of an unknown god.
  2276 | D:2      | Reached skill level 6 in Long Blades
  2577 | D:3      | Reached XP level 5. HP: 41/47 MP: 4/4
  2935 | D:3      | Reached skill level 5 in Fighting
  3505 | D:4      | Noticed Blork the orc
  3510 | D:4      | Killed Blork the orc
  3789 | D:4      | Noticed an ogre
  3793 | D:4      | Killed an ogre
  3794 | D:4      | Reached skill level 7 in Long Blades
  3794 | D:4      | Reached XP level 6. HP: 52/57 MP: 5/5
  4293 | D:5      | Entered Level 5 of the Dungeon
  4305 | D:5      | Noticed Edmund
  4312 | D:5      | Killed Edmund
  4315 | D:5      | Reached skill level 8 in Long Blades
  4315 | D:5      | Reached XP level 7. HP: 63/63 MP: 6/6
  4416 | D:5      | Reached *** piety under Trog
  4427 | D:5      | Reached skill level 9 in Long Blades
  5121 | D:6      | Reached XP level 8. HP: 68/73 MP: 7/7
  5133 | D:6      | Reached skill level 10 in Long Blades
  5324 | D:6      | Found a stormy altar of Qazlal.
  5402 | D:6      | Found a staircase to the Ecumenical Temple.
  5547 | D:6      | Reached skill level 11 in Long Blades
  5804 | D:6      | Reached XP level 9. HP: 83/83 MP: 8/8
  6149 | D:6      | Reached skill level 12 in Long Blades
  6205 | D:7      | Reached **** piety under Trog
  6628 | D:7      | Reached skill level 13 in Long Blades
  6674 | D:7      | Noticed sastreii's ghost (novice DjTm)
  6700 | D:7      | Found a transporter.
  6797 | D:7      | Found a transporter.
  6921 | D:7      | Reached skill level 10 in Fighting
  6939 | D:7      | Killed sastreii's ghost
  6940 | D:7      | Reached XP level 10. HP: 69/94 MP: 9/9
  7237 | D:8      | Found a staircase to the Lair.
  7250 | D:8      | Reached skill level 14 in Long Blades
  7317 | D:8      | Noticed Maurice
  7336 | D:8      | Killed Maurice
  7467 | D:8      | Found a runed translucent door.
  7480 | D:8      | Noticed polve's ghost (novice DsAK)
  8042 | D:8      | Killed polve's ghost
  8275 | D:9      | Reached skill level 5 in Armour
  8466 | D:9      | Noticed Maggie
  8478 | D:9      | Killed Maggie
  8479 | D:9      | Reached skill level 5 in Dodging
  9117 | D:10     | Entered Level 10 of the Dungeon
  9441 | D:10     | Reached ***** piety under Trog
  9463 | D:10     | Found a flagged portal.
  9469 | Bailey   | Entered a bailey
  9679 | Bailey   | Reached XP level 11. HP: 102/102 MP: 10/10
  9734 | Bailey   | Received a gift from Trog
  9959 | Bailey   | Noticed an orc knight
  9959 | Bailey   | Noticed an orc knight
  9959 | Bailey   | Noticed an orc warlord
  9980 | Bailey   | Killed an orc knight
 10002 | Bailey   | Killed an orc knight
 10003 | Bailey   | Reached skill level 15 in Long Blades
 10132 | Bailey   | Killed an orc warlord
 10470 | D:10     | Found a staircase to the Orcish Mines.
 10475 | D:10     | Reached skill level 16 in Long Blades
 10741 | D:11     | Found a basalt altar of Yredelemnul.
 10754 | D:11     | Reached skill level 17 in Long Blades
 10895 | D:11     | Noticed a boulder beetle
 10904 | D:11     | Killed a boulder beetle
 10905 | D:11     | Reached XP level 12. HP: 102/110 MP: 11/11
 11445 | D:12     | Noticed a two-headed ogre
 11450 | D:12     | Killed a two-headed ogre
 11557 | D:12     | Noticed a boulder beetle
 11572 | D:12     | Reached skill level 18 in Long Blades
 11578 | D:12     | Noticed a centaur warrior
 11578 | D:12     | Noticed a boulder beetle
 11587 | D:12     | Killed a centaur warrior
 11601 | D:12     | Slain by a cyclops

Illustrated notes

Levels and vault maps discovered:
D:1:      noname_arrival_rooms_in_the_neighbourhood, layout_basic, minivault_19,
          minmay_heptomino_h4
D:2:      layout_loops_ring, serial_shops, nicolae_shop_statue_plus,
          hellmonk_ecumenical_altar_inner_sanctum, minmay_diced_spiral
D:3:      layout_basic
D:4:      layout_loops_ring, grunt_ministairs_1, feat_on_display,
          uniq_blork_the_orc
D:5:      layout_basic, minmay_manual_mares, uniq_edmund
D:6:      layout_basic, amcnicky_altar_gilded,
          minmay_temple_entry_statues_fountains, kennysheep_generic_room_7
D:7:      layout_cave_pools, gammafunk_ghost_hive, st_stairs_3
D:8:      layout_basic, due_lair_maze_entry_diamond,
          hellmonk_ghost_happy_afterlife, minmay_tree_intersection, uniq_maurice
D:9:      layout_stronghold, uniq_maggie
D:10:     layout_rooms, kennysheep_orc_monster_closet_entryway, enter_bailey_3
D:11:     layout_rooms, nicolae_yredelemnul_corpse_copse
D:12:     layout_loops_corners, serial_shops, shop,
          nemelex_xobeh_ov_fountains_minmay

Skill      XL: |  1  2  3  4  5  6  7  8  9 10 11 12 |
---------------+-------------------------------------+-----
Long Blades    | 4 5 6 7 8 9 11 13 14 17 18 | 18.4
Fighting       | 4 5 6 7 9 10 11 | 11.0
Armour         | 6 7 |  7.2
Dodging        | 6 |  6.5

Action                   |  1- 3 |  4- 6 |  7- 9 | 10-12 || total
-------------------------+-------+-------+-------+-------++-------
Melee: Falchion          |    83 |    74 |    39 |       ||   196
       Headbutt          |    20 |    17 |    48 |   128 ||   213
       Long sword        |       |       |   135 |    91 ||   226
       Scimitar          |       |       |       |   103 ||   103
       Triple sword      |       |       |       |   181 ||   181
Invok: Berserk           |     1 |     3 |    11 |    13 ||    28
       Brothers in Arms  |       |       |       |     2 ||     2
  Use: Potion            |       |       |       |     4 ||     4
Armor: Animal skin       |    27 |    19 |       |       ||    46
       Ring mail         |       |     2 |     1 |       ||     3
       Chain mail        |       |       |   106 |   234 ||   340
Dodge: Dodged            |    55 |    43 |    95 |   190 ||   383
       Rpst.: Falchion   |    11 |    12 |     2 |       ||    25
       Long sword        |       |       |    15 |     7 ||    22
       Scimitar          |       |       |       |    12 ||    12
       Triple sword      |       |       |       |    27 ||    27

Table legend: (Time is in decaauts)
 A = Elapsed time spent in this place.
 B = Non-inter-level travel time spent in this place.
 C = Inter-level travel time spent in this place.
 D = Time resting spent in this place.
 E = Time spent auto-exploring this place.
 F = Levels seen in this place.
 G = Mean time per level.
                   A        B        C        D        E       F      G
               +--------+--------+--------+--------+--------+-----+--------+
         Total |  11788 |  11266 |    522 |    504 |   9347 |  13 |  906.8 |
       Dungeon |  10963 |  10441 |    522 |    460 |   8800 |  12 |  913.6 |
        Bailey |    825 |    825 |      0 |     43 |    547 |   1 |  825.0 |
               +--------+--------+--------+--------+--------+-----+--------+

Top non-repeatable levels by time:
     D:2: 1323 daAuts
     D:1: 1209 daAuts
     D:6: 1129 daAuts
     D:7: 1061 daAuts
     D:9: 1018 daAuts
     D:3: 904 daAuts
     D:4: 891 daAuts
     D:8: 881 daAuts
     D:5: 827 daAuts
  Bailey: 825 daAuts
    D:11: 784 daAuts
    D:10: 731 daAuts
    D:12: 202 daAuts
